Map: [ESL] Inside and Out

Players

Serral

  • Race: Zerg Zerg
  • Spawn Location: 7:00

Bunny - Winner!

  • Race: Terran Terran
  • Spawn Location: 1:00

Event: DreamHack SC2 Masters 2022 Atlanta (Offline)

VOD

Have the link to the VOD?

Description

Time

  • Played on: Nov. 20, 2022, 1:05 p.m.
  • Length: 12:14

All games in this series

Show
View Real Time Build Order
Export as new Build Order

Serral Zerg 

Build Orders: Hatch First 

Get SALT Encoding   

  12  0:00  Drone  
  13  0:12  Overlord  
  13  0:16  Drone  
  14  0:30  Drone x2  
  16  0:47  Hatchery  
  15  0:50  Drone  
  15  0:53  Drone  
  17  0:57  Drone  
  18  1:08  Extractor  
  17  1:12  Spawning Pool  
  17  1:15  Drone  
  17  1:18  Drone  
  18  1:27  Drone  
  19  1:39  Drone  
  20  1:49  Drone  
  21  1:58  Queen x2  
  21  1:59  Zergling x2  
  21  2:00  Zergling x2  
  27  2:10  Overlord  
  27  2:11  Drone  
  28  2:21  Hatchery  
  27  2:24  Drone  
  27  2:29  Drone  
  29  2:31  Drone  
  29  2:32  Drone  
  29  2:36  Metabolic Boost  
  31  2:42  Queen  
  33  2:49  Overlord  
  33  2:51  Drone  
  33  2:53  Drone  
  33  2:55  Drone  
  36  3:05  Overlord  
  36  3:07  Drone x3  
  36  3:08  Drone  
  36  3:12  Queen  
  42  3:14  Drone  
  42  3:17  Drone  
  44  3:23  Queen  
  44  3:25  Drone  
  47  3:29  Drone  
  47  3:33  Queen  
  47  3:34  Overlord  
  50  3:39  Drone x3  
  53  3:46  Overlord  
  53  3:48  Zergling x4  
  55  3:50  Queen  
  55  3:53  Drone  
  55  3:55  Drone  
  59  3:57  Drone x2  
  59  4:02  Queen  
  63  4:05  Overlord  
  63  4:09  Zergling x2  
  64  4:10  Drone x2  
  64  4:13  Zergling x2  
  64  4:16  Drone x2  
  69  4:18  Drone  
  69  4:25  Zergling x2  
  69  4:26  Drone  
  69  4:28  Lair  
  69  4:29  Drone  
  72  4:31  Spore Crawler  
  72  4:33  Spore Crawler x2, Drone x2  
  72  4:34  Drone  
  72  4:40  Baneling Nest  
  72  4:41  Overlord  
  72  4:42  Overlord  
  72  4:44  Drone  
  72  4:50  Drone  
  73  4:57  Overlord  
  73  4:58  Spore Crawler  
  73  4:59  Queen  
  74  5:00  Drone x6  
  74  5:04  Drone x2, Extractor x2  
  80  5:10  Zergling x4  
  80  5:11  Drone  
  83  5:14  Extractor  
  83  5:16  Zergling x2  
  83  5:18  Drone  
  84  5:25  Overlord  
  84  5:27  Overseer, Drone  
  85  5:34  Centrifugal Hooks, Hatchery  
  84  5:36  Zergling x2  
  84  5:37  Zergling x12  
  84  5:39  Overlord  
  91  5:44  Zergling x4  
  94  5:50  Zergling x4  
  94  5:51  Baneling x5  
  94  5:55  Zergling x2  
  96  6:03  Zergling x2  
  96  6:04  Zergling x8  
  100  6:13  Overlord  
  100  6:14  Zergling x8  
  104  6:18  Overlord  
  104  6:23  Overlord x2  
  104  6:29  Evolution Chamber x2  
  104  6:33  Zergling x16  
  104  6:35  Baneling x4  
  104  6:36  Baneling x10  
  104  6:37  Zergling x6  
  115  6:43  Baneling x8  
  115  6:44  Zergling x4  
  117  6:47  Zergling x4  
  120  6:54  Zergling x6  
  120  7:00  Zergling x8  
  126  7:01  Baneling  
  126  7:02  Baneling x4  
  112  7:09  Zergling x16  
  112  7:15  Zergling x4  
  104  7:19  Queen  
  104  7:20  Queen x3  
  104  7:22  Zergling x6  
  109  7:24  Baneling x5  
  109  7:27  Zergling x2  
  107  7:38  Zergling x8  
  107  7:41  Baneling  
  107  7:42  Baneling x4  
  107  7:43  Zergling x6  
  113  7:48  Zergling x2  
  113  7:51  Zergling x20  
  117  7:54  Baneling x5  
  117  7:55  Zergling x4  
  124  7:59  Zergling x2  
  124  8:01  Zergling x2  
  124  8:04  Zergling x2  
  127  8:10  Zergling x4  
  129  8:13  Zergling x2  
  129  8:18  Zergling x2  
  129  8:19  Zergling x8, Baneling x9  
  134  8:20  Baneling x2  
  134  8:24  Zergling x2  
  134  8:26  Overlord x2  
  135  8:28  Overlord  
  135  8:40  Baneling x6  
  135  8:47  Zergling x24  
  125  8:56  Zergling x10  
  125  9:01  Zergling x4  
  103  9:05  Zergling x4  
  103  9:07  Baneling x6  
  102  9:10  Queen x4  
  102  9:12  Zergling x6  
  113  9:19  Zergling x12  
  119  9:28  Baneling x8  
  119  9:29  Zergling x10  
  121  9:35  Zergling x10  
  121  9:38  Zergling x2  
  119  9:52  Zergling x16  
  119  9:54  Zergling x2  
  101  10:01  Zergling x4  
  101  10:03  Queen  
  101  10:04  Queen x2  
  101  10:05  Zergling x2  
  95  10:09  Zergling x6  
  95  10:13  Baneling x6  
  92  10:14  Zergling x2  
  92  10:15  Zergling x2  
Show
View Real Time Build Order
Export as new Build Order

Bunny Terran - Winner!

Build Orders: Command Center First (CC), Hellion Banshee 

Get SALT Encoding   

  12  0:00  SCV  
  13  0:12  SCV  
  14  0:17  Supply Depot  
  14  0:24  SCV  
  15  0:38  SCV  
  16  0:50  SCV  
  17  0:57  Command Center  
  17  1:02  SCV  
  18  1:12  Barracks  
  18  1:15  SCV  
  19  1:20  Refinery  
  19  1:27  SCV  
  19  1:30  Refinery  
  20  1:39  SCV  
  21  1:51  SCV  
  22  1:58  Marine  
  23  2:03  Orbital Command  
  23  2:09  Orbital Command  
  23  2:15  Factory  
  23  2:19  Barracks Reactor  
  23  2:28  Supply Depot, SCV  
  24  2:34  SCV  
  25  2:40  SCV  
  26  2:46  SCV  
  27  2:54  SCV  
  28  2:58  SCV  
  28  2:59  Starport  
  28  3:05  Hellion x2  
  33  3:06  SCV  
  33  3:09  Barracks Tech Lab  
  33  3:11  SCV  
  35  3:13  Supply Depot  
  35  3:18  SCV  
  36  3:23  SCV  
  36  3:26  Hellion x2  
  41  3:31  SCV  
  42  3:34  Barracks Tech Lab  
  42  3:35  SCV  
  42  3:39  Supply Depot  
  43  3:41  Banshee  
  43  3:45  SCV  
  43  3:47  SCV  
  43  3:48  Hellion x2  
  52  3:54  Stimpack, Marine  
  53  3:59  SCV  
  53  4:00  SCV  
  53  4:01  Supply Depot  
  55  4:14  SCV x2  
  57  4:28  Barracks  
  57  4:29  Barracks  
  57  4:31  Barracks  
  57  4:32  SCV x2  
  57  4:35  Engineering Bay, Barracks, Marine, Refinery  
  57  4:36  Starport Reactor  
  57  4:37  Supply Depot  
  60  4:40  Supply Depot  
  60  4:43  Siege Tank  
  63  4:50  SCV x2  
  65  5:01  Marine  
  65  5:02  Terran Infantry Weapons Level 1  
  66  5:08  SCV x2  
  66  5:13  Supply Depot  
  68  5:14  Supply Depot  
  68  5:18  Siege Tank  
  68  5:19  Marine  
  68  5:21  Marine  
  72  5:22  Marine x2  
  72  5:25  Barracks Reactor  
  72  5:27  SCV  
  76  5:29  Marine, Starport Reactor  
  76  5:30  Supply Depot, Marine  
  78  5:36  Combat Shield  
  78  5:37  Marine  
  78  5:40  Marine  
  78  5:41  Marine x2  
  82  5:46  Supply Depot  
  82  5:47  Marine x2  
  84  5:50  Siege Tank  
  84  5:54  Supply Depot  
  84  5:55  Marine  
  88  5:58  Marine x2  
  88  5:59  Marine  
  88  6:04  Marine x2  
  92  6:05  Marine x2  
  92  6:07  Medivac  
  92  6:08  Medivac  
  99  6:13  Marine  
  99  6:16  Marine x3  
  103  6:21  Marine x2  
  103  6:22  Siege Tank  
  103  6:23  Marine x2  
  110  6:27  Supply Depot  
  110  6:30  Marine  
  111  6:34  Marine x2  
  111  6:37  Medivac, Marine  
  111  6:38  Medivac  
  118  6:44  Marine x4  
  122  6:48  Marine  
  122  6:51  Supply Depot  
  123  6:54  Supply Depot  
  123  7:02  Marine x6  
  108  7:10  Siege Tank  
  108  7:12  Marine  
  108  7:15  Marine  
  105  7:17  Medivac  
  105  7:19  Marine  
  105  7:20  Marine x3  
  108  7:24  Medivac, Marine x2  
  110  7:30  Marine  
  110  7:32  Marine  
  111  7:37  Marine x2  
  111  7:42  Siege Tank, Marine x4  
  119  7:47  Liberator  
  119  7:48  Marine  
  119  8:01  Marine  
  119  8:02  Marine x6  
  119  8:04  Liberator  
  129  8:06  Marine  
  129  8:07  Refinery  
  130  8:19  Marine x2  
  130  8:20  Marine x3  
  134  8:27  Marine x3  
  134  8:30  Medivac  
  134  8:33  Siege Tank  
  142  8:37  Marine x4  
  142  8:38  Marine  
  147  8:45  Marine x2  
  118  8:56  Marine x5  
  118  8:57  Marine  
  118  9:00  Medivac  
  107  9:03  Marine x2  
  107  9:05  Siege Tank  
  112  9:14  Marine x6  
  118  9:21  Liberator, Marine x2  
  121  9:32  Marine  
  121  9:33  Marine x5  
  121  9:37  Siege Tank  
  127  9:40  Marine x2  
  127  9:50  Marine  
  127  9:51  Marine x3  
  122  10:00  Marine x4  
  109  10:07  Marine  
  109  10:09  Siege Tank, Marine x3  
  109  10:13  Medivac  
  116  10:15  Medivac  
  116  10:18  Marine x2  
Tags
 
Add a new tag
Caveats
  • Supply blocks, unpowered buildings, or Contaminate may cause inaccurate times.
  • Supply counts are checked every 10 seconds.